Map: Remanso LE

Players

DJim

  • Race: Terran Terran
  • Spawn Location: 5:00

IagoAbreu - Winner!

  • Race: Terran Terran
  • Spawn Location: 11:00

VOD

Have the link to the VOD?

Description

Time

  • Played on: Feb. 20, 2018, 11:33 a.m.
  • Length: 30:21
Show
View Real Time Build Order
Export as new Build Order

DJim Terran 

Build Orders: MMM Bio 

Get SALT Encoding   

  12  0:02  SCV  
  13  0:22  Supply Depot  
  13  0:26  Refinery  
  13  0:27  SCV  
  14  0:47  Barracks  
  14  0:54  SCV  
  15  1:05  Supply Depot  
  15  1:06  SCV  
  16  1:18  SCV  
  17  1:34  Orbital Command  
  17  1:39  Engineering Bay  
  17  1:43  Marine  
  18  2:01  Marine  
  19  2:17  Factory  
  19  2:19  Marine, SCV  
  21  2:31  SCV  
  21  2:36  Marine  
  23  2:58  Command Center  
  23  3:02  Barracks Tech Lab  
  23  3:09  Armory, Factory Tech Lab  
  23  3:11  SCV  
  24  3:18  Terran Infantry Weapons Level 1  
  24  3:23  SCV  
  25  3:34  Refinery  
  25  4:08  Factory  
  25  4:17  SCV  
  26  4:39  Supply Depot  
  26  4:41  SCV  
  27  4:53  SCV, Barracks, Factory Tech Lab  
  27  4:56  Thor  
  34  5:02  Supply Depot  
  34  5:05  SCV  
  35  5:12  Terran Infantry Armor Level 1  
  35  5:17  SCV  
  36  5:22  Siege Tank  
  39  5:29  SCV, Refinery  
  40  5:41  SCV  
  41  5:52  Stimpack  
  41  5:53  SCV  
  41  5:55  Barracks Reactor  
  42  6:06  SCV  
  43  6:18  SCV  
  44  6:30  SCV  
  45  6:33  Marine x3  
  48  6:42  SCV  
  49  6:50  Marine  
  49  6:51  Marine x2  
  51  7:06  Hi-Sec Auto Tracking  
  51  7:08  Marine  
  51  7:09  Marine x2  
  51  7:15  Sensor Tower  
  54  7:22  Orbital Command  
  54  7:26  Marine  
  54  7:27  Marine x2  
  57  7:34  Thor x2  
  69  7:43  Supply Depot  
  69  7:45  Marine  
  69  7:47  Supply Depot  
  70  7:53  Combat Shields  
  70  7:55  Supply Depot  
  70  8:03  Engineering Bay  
  70  8:24  Siege Tank x2  
  70  8:25  Refinery  
  76  8:39  Marine  
  76  8:40  Marine x2  
  79  8:42  Terran Infantry Weapons Level 2, Terran Infantry Armor Level 2  
  79  8:57  Marine x3  
  82  9:09  Thor  
  88  9:15  Marine x3  
  91  9:20  Siege Tank  
  94  9:43  Marine  
  94  9:45  Marine x2  
  88  10:02  Marine  
  58  11:12  SCV  
  58  11:15  SCV  
  60  11:24  SCV  
  61  11:28  SCV  
  62  11:36  SCV  
  63  11:40  SCV  
  64  11:48  SCV  
  64  11:52  SCV  
  66  12:00  SCV  
  67  12:04  SCV  
  68  12:12  SCV  
  69  12:16  Marine x3, SCV  
  73  12:24  SCV  
  73  12:28  SCV  
  75  12:34  Marine x3  
  75  12:36  SCV  
  79  12:40  SCV  
  73  12:48  SCV  
  74  12:51  Marine  
  74  12:52  Marine x2, SCV  
  77  13:09  Marine  
  75  13:35  SCV  
  75  13:37  SCV  
  77  13:47  SCV  
  77  13:48  Marine x3  
  79  13:49  SCV  
  82  13:59  SCV, Starport  
  82  14:02  SCV  
  84  14:05  Thor  
  90  14:11  SCV  
  90  14:13  Supply Depot  
  90  14:14  SCV  
  92  14:21  Supply Depot  
  92  14:23  SCV  
  93  14:26  SCV  
  94  14:34  Thor  
  94  14:37  Medivac  
  102  14:43  SCV  
  103  14:55  SCV  
  104  15:05  SCV  
  105  15:07  Medivac  
  107  15:17  SCV  
  108  15:29  SCV  
  109  15:41  SCV  
  110  15:54  SCV  
  111  16:06  SCV  
  112  16:18  SCV  
  113  16:30  SCV  
  114  17:02  Refinery  
  114  17:08  Supply Depot  
  114  17:12  Terran Infantry Weapons Level 3, Terran Infantry Armor Level 3  
  114  17:15  Terran Vehicle Weapons Level 1  
  114  17:19  Viking  
  116  17:32  Supply Depot  
  116  17:44  Thor  
  122  17:49  Viking  
  124  17:53  Thor  
  124  17:55  Supply Depot  
  129  18:01  Liberator  
  79  20:43  Marine x3  
  79  20:49  Thor x2  
  94  21:00  Marine  
  94  21:01  Marine x2  
  97  21:11  Terran Vehicle Weapons Level 2  
  97  21:18  Marine  
  97  21:19  Marine x2  
  100  21:36  Marine  
  100  21:37  Marine x2  
  100  21:38  Starport Reactor  
  109  21:54  Marine x3  
  106  22:15  Viking x2  
  76  26:18  Viking  
Show
View Real Time Build Order
Export as new Build Order

IagoAbreu Terran - Winner!

Build Orders:  

Get SALT Encoding   

  12  0:02  SCV  
  13  0:14  SCV  
  14  0:22  Supply Depot  
  14  0:26  SCV  
  15  0:36  Supply Depot  
  15  0:46  Barracks  
  15  0:54  SCV  
  16  1:06  SCV  
  16  1:10  Refinery  
  17  1:14  Refinery  
  17  1:18  SCV  
  18  1:24  Barracks  
  18  1:30  SCV  
  19  1:42  SCV  
  20  1:49  Engineering Bay  
  20  1:54  SCV  
  21  2:04  Barracks Reactor  
  21  2:07  Bunker  
  21  2:13  Orbital Command  
  21  2:46  Command Center  
  21  2:49  Reaper  
  22  2:52  Reaper  
  23  3:20  Terran Infantry Weapons Level 1  
  23  3:21  Marine  
  23  3:24  Marine  
  26  3:34  SCV  
  26  3:39  Marine  
  27  3:42  Marine  
  27  3:46  SCV  
  29  3:56  Engineering Bay  
  29  3:58  SCV  
  30  4:08  Sensor Tower  
  30  4:10  SCV  
  31  4:36  Barracks Tech Lab  
  31  4:38  Ghost Academy  
  31  4:40  Marine x2  
  33  4:54  Missile Turret x2  
  33  4:57  Marine  
  33  4:58  Marine  
  33  4:59  Missile Turret  
  35  5:03  Missile Turret  
  35  5:07  Missile Turret  
  35  5:15  Ghost  
  37  5:25  Barracks  
  37  5:36  Bunker  
  37  5:41  Orbital Command  
  37  5:43  Ghost  
  39  5:57  SCV  
  39  5:58  Factory  
  40  6:11  SCV  
  41  6:22  Personal Cloaking  
  41  6:23  SCV  
  41  6:24  Barracks Tech Lab  
  42  6:30  Bunker  
  42  6:35  SCV  
  43  6:47  SCV  
  43  6:50  Marine x2  
  46  6:56  Terran Infantry Armor Level 1  
  46  7:00  SCV  
  45  7:07  Marine  
  46  7:19  Supply Depot  
  46  7:23  Supply Depot  
  46  7:25  Supply Depot  
  46  7:40  Marine x2, SCV  
  46  7:41  Supply Depot  
  46  7:43  Combat Shields  
  49  7:46  Stimpack  
  49  7:47  Ghost x2, Supply Depot  
  49  7:49  Supply Depot  
  53  7:58  Marine x2  
  55  8:03  Starport  
  55  8:15  Marine  
  55  8:16  Ghost x2  
  55  8:18  Building Armor  
  60  8:25  Factory Tech Lab  
  60  8:27  Armory  
  60  8:34  Nuke  
  60  8:54  Ghost Academy  
  60  9:05  Ghost Academy  
  60  9:15  Refinery  
  60  9:18  SCV, Refinery  
  61  9:30  SCV  
  62  9:42  SCV  
  63  9:54  SCV  
  60  10:06  SCV  
  59  10:48  Ghost x2  
  63  10:55  Starport Reactor  
  57  11:13  Nuke  
  57  11:17  Ghost x2  
  61  11:20  Reaper x2  
  63  11:33  SCV  
  64  11:45  SCV, Ghost x2  
  69  11:57  SCV  
  70  12:09  SCV  
  71  12:21  SCV  
  68  12:44  Liberator x2  
  68  12:55  Reaper x2  
  70  13:27  Ghost x2, Liberator x2  
  70  13:28  Reaper x2  
  82  13:49  Nuke  
  82  13:51  Nuke  
  82  13:56  Ghost  
  82  13:58  Nuke  
  82  14:00  Reaper x2  
  86  14:32  Reaper x2  
  84  14:57  Command Center  
  80  15:03  Ghost x2  
  84  15:10  Medivac x2  
  88  15:27  Refinery  
  88  15:29  Refinery  
  88  15:31  Ghost x2  
  88  15:35  Starport  
  92  15:38  Starport  
  92  15:42  Fusion Core  
  92  16:12  Liberator x2  
  96  16:47  Starport Reactor x2  
  96  16:51  Orbital Command  
  96  17:00  Liberator x2  
  96  17:14  Marine x2  
  104  17:28  Barracks  
  104  17:29  Barracks  
  104  17:32  Marine x2  
  106  17:49  Marine  
  106  17:50  Marine  
  107  18:07  Marine x2  
  102  18:44  Liberator x2  
  102  19:06  Barracks Reactor x2  
  100  19:27  Liberator x2  
  86  20:13  Marine x6  
  86  20:27  Medivac x2  
  90  20:30  Marine  
  90  20:31  Marine x5  
  90  20:48  Marine x2  
  90  20:49  Marine x4  
  96  20:57  Medivac x2  
  100  21:06  Marine x4  
  100  21:07  Marine x2  
  106  21:14  Liberator  
  106  21:16  Command Center  
  109  21:41  Supply Depot  
  109  21:42  Supply Depot  
  109  21:46  Liberator x3  
  109  21:50  Supply Depot  
  109  21:57  Liberator  
  109  22:02  Ghost  
  109  22:03  Ghost, Supply Depot  
  109  22:04  Supply Depot  
  122  22:12  Supply Depot  
  125  22:20  Medivac x2  
  125  22:21  Terran Infantry Weapons Level 2  
  125  22:22  Terran Infantry Armor Level 2  
  129  22:24  Marine  
  129  22:25  Marine x5  
  129  22:29  Liberator, Supply Depot  
  135  22:30  Supply Depot  
  135  22:31  Ghost x2  
  135  22:36  Supply Depot  
  139  22:41  Siege Tank  
  139  22:42  Marine x2  
  139  22:43  Marine x4  
  151  23:00  Ghost x2, Marine x3  
  151  23:01  Marine x3  
  159  23:13  Siege Tank  
  159  23:18  Marine x4  
  159  23:19  Marine x2  
  67  24:07  Liberator x2  
  64  24:15  Liberator x2  
  64  24:20  Marine x2  
  64  24:21  Marine x4  
  64  24:22  Liberator x2  
  76  24:38  Marine x3  
  72  26:16  Viking  
  72  26:17  Viking x3  
  80  26:27  Barracks  
  80  26:28  Barracks x2  
  80  26:46  Viking  
  78  27:13  Liberator x4  
  78  27:26  Refinery  
  78  27:27  Refinery  
  77  28:13  Viking  
  77  28:17  Barracks Reactor x2  
  77  28:18  Barracks Reactor  
  44  28:57  Supply Depot x2  
  44  29:00  Supply Depot  
  38  29:20  Supply Depot  
  38  29:22  Supply Depot  
  38  29:28  Marauder x2  
  42  29:41  Barracks  
  42  29:44  Barracks  
  42  29:49  Marauder x2  
Tags
 
Composition
MMM Bio
Matchup
TvT
Race
Terran
Spawn Locations
Cross Positions
Add a new tag
Caveats
  • Supply blocks, unpowered buildings, or Contaminate may cause inaccurate times.
  • Supply counts are checked every 10 seconds.